 Dungeon Crawl Stone Soup version 0.29.1-1-gd02db6906a (webtiles) character file.

Game seed: 17690224703215177903

14036 Metae the Fighter (level 11, -15/104 HPs)
             Began as a Minotaur Fighter on Sept 25, 2022.
             Was a Believer of Makhleb.
             Demolished by a very large slime creature (52 damage)
             ... on level 13 of the Dungeon.
             The game lasted 01:03:36 (14464 turns).

Metae the Fighter (Minotaur Fighter)               Turns: 14464, Time: 01:03:37

Health: -15/104    AC: 24    Str: 23    XL:     11   Next: 83%
Magic:  13/13      EV: 12    Int:  5    God:    Makhleb [**....]
Gold:   971        SH:  9    Dex: 10    Spells: 10/10 levels left

rFire   . . .      SeeInvis .   a - +2 whip (elec)
rCold   . . .      Faith    .   P - +3 buckler of Lifelessness {rPois Will+ Str-2}
rNeg    . . .      Spirit   .   c - +3 plate armour
rPois   +          Reflect  .   z - +1 hat
rElec   .          Harm     .   D - +1 cloak {rCorr}
rCorr   +          Rampage  .   N - +0 pair of gloves
Will    +....                   w - +0 pair of boots
Stlth   ..........              B - amulet of the acrobat
HPRegen 0.27/turn               s - +4 ring of evasion
MPRegen 0.13/turn               j - ring of poison resistance

@: no status effects
A: horns 2, retaliatory headbutt
a: Renounce Religion, Minor Destruction


You were on level 13 of the Dungeon.
You worshipped Makhleb.
Makhleb was pleased with you.
You visited 2 branches of the dungeon, and saw 15 of its levels.

You collected 1294 gold pieces.
You spent 323 gold pieces at shops.

Inventory:

Hand Weapons
 a - a +2 whip of electrocution (weapon)
 b - the +3 greatsling "Punk" {acid, rCorr}
   (You bought it in a shop on level 7 of the Dungeon)

   Any ammunition fired from it is coated in acid, damaging and corroding those
   it strikes.
   rCorr:     It protects you from acid and corrosion.
 X - the +4 mace "Worm" {vorpal, rF+ rN+ Will+ Dex+3}
   (You found it on level 9 of the Dungeon)

   It inflicts extra damage upon your enemies.
   Dex:       It affects your dexterity (+3).
   rF:        It protects you from fire.
   rN:        It protects you from negative energy.
   Will:      It increases your willpower.
Missiles
 e - 104 stones
Armour
 c - a +3 plate armour (worn)
 d - a +2 chain mail of poison resistance
 w - a +0 pair of boots (worn)
 z - a +1 hat (worn)
 A - +0 steam dragon scales
 D - a +1 cloak of preservation (worn)
 K - +0 swamp dragon scales
 N - a +0 pair of gloves (worn)
 P - the +3 buckler of Lifelessness (worn) {rPois Will+ Str-2}
   (You found it on level 8 of the Dungeon)

   Str:       It affects your strength (-2).
   rPois:     It protects you from poison.
   Will:      It increases your willpower.
Jewellery
 f - a ring of protection from fire
 j - a ring of poison resistance (right hand)
 s - a +4 ring of evasion (left hand)
 B - an amulet of the acrobat (around neck)
Wands
 E - a wand of iceblast (3)
 J - a wand of mindburst (11)
 T - a wand of polymorph (7)
 U - a wand of flame (6)
 W - a wand of light (4) (quivered)
Scrolls
 h - 3 scrolls of magic mapping
 q - 3 scrolls of teleportation
 t - 2 scrolls of vulnerability
 u - 4 scrolls of fear
 x - a scroll of amnesia {unknown}
 y - a scroll of blinking {unknown}
 H - 3 scrolls of noise
 L - a scroll of butterflies {unknown}
 O - a scroll of summoning
 Q - a scroll of poison {unknown}
 S - a scroll of brand weapon {unknown}
 V - 2 scrolls of identify
 Z - a scroll of enchant weapon {unknown}
Potions
 g - 3 potions of cancellation
 i - 2 potions of mutation {unknown}
 k - 2 potions of lignification {unknown}
 l - 4 potions of heal wounds
 m - 8 potions of curing
 n - 2 potions of haste {unknown}
 o - 2 potions of brilliance {unknown}
 p - a potion of might
 r - a potion of berserk rage
 v - a potion of degeneration {unknown}
 C - a potion of attraction {unknown}
 F - a potion of resistance {unknown}
 G - a potion of flight {unknown}
 I - a potion of invisibility {unknown}
 R - 2 potions of ambrosia {unknown}


   Skills:
 + Level 11.7 Fighting
 + Level 9.5 Maces & Flails
 - Level 6.0 Polearms
 + Level 10.7 Armour
 - Level 4.1 Dodging
 - Level 8.9 Shields
 + Level 5.2 Invocations
 + Level 5.6 Evocations


You had 10 spell levels left.
You didn't know any spells.
Your spell library contained the following spells:

 Spells                   Type           Power      Damage    Failure   Level
 Magic Dart               Conj           0%         1d3       100%        1
 Summon Small Mammal      Summ           0%         N/A       100%        1
 Call Imp                 Summ           0%         N/A       100%        2
 Gell's Gravitas          Tloc           0%         N/A       100%        3
 Lesser Beckoning         Tloc           0%         N/A       100%        3
 Mephitic Cloud           Conj/Pois/Air  0%         N/A       100%        3
 Teleport Other           Tloc           0%         N/A       100%        3
 Chain Lightning          Conj/Air       0%         N/A       100%        9
 Fire Storm               Conj/Fire      0%         5d1       100%        9
 Shatter                  Erth           0%         3d5*      100%        9


Dungeon Overview and Level Annotations

Branches:
Dungeon (14/15)            Temple (1/1) D:7
   Lair: D:8-11         Orc: D:9-12      Vaults: D:13-14

Altars:
Ashenzari
Cheibriados
Dithmenos
Elyvilon
Fedhas
Gozag
Hepliaklqana
Kikubaaqudgha
Makhleb
Nemelex Xobeh
Okawaru
Qazlal
Ru
Sif Muna
Trog
Uskayaw
Vehumet
Wu Jian
Xom
Yredelemnul
Zin
The Shining One

Shops:
D:2 *   D:7 (   D:9 (


Innate Abilities, Weirdness & Mutations

You have a pair of horns on your head.
You reflexively headbutt those who attack you in melee.


Message History

You block the slime creature's attack.
You barely miss the large slime creature.
Your headbutt misses the large slime creature.
The large slime creature is lightly wounded.
You whack the large slime creature!
Lightning courses through the large slime creature!
The large slime creature is moderately wounded.
The very large slime creature barely misses you.
You block the large slime creature's attack.
You block the slime creature's attack.
You hit the large slime creature.
The large slime creature is moderately wounded.
You whack the large slime creature!
Lightning courses through the large slime creature!
The large slime creature is heavily wounded.
You block the very large slime creature's attack.
The slime creature hits you! The large slime creature hits you.
You barely miss the large slime creature.
You headbutt the large slime creature!
The large slime creature is heavily wounded.
The large slime creature closely misses you.
You furiously retaliate!
You headbutt the large slime creature. The slime creature barely misses you.
You furiously retaliate!
You headbutt the slime creature.
The very large slime creature hits you!!
You hit the large slime creature.
Lightning courses through the large slime creature!!
You headbutt the large slime creature!
The large slime creature is severely wounded.
You hit the large slime creature but do no damage.
The large slime creature is severely wounded.
The large slime creature hits you!!
The slime creature completely misses you.
The very large slime creature closely misses you.
You whack the large slime creature!
The large slime creature is almost dead.
You block the large slime creature's attack.
The very large slime creature hits you!!!
Ouch! That really hurt!
You die...

......... ....# ......
... ...# #.###
####.#### ###...###
#.......#######.......#
#.#####...[...'.......#
#. #.#######.......##
.. ###J# #.......#. ##.
#.J@# #.......'. #.
#.#J# #.....).## #.
#...# #.......# ##
##### ###+#####


You could see a very large slime creature, a large slime creature and a slime
creature.

Vanquished Creatures
  Josephine (D:9)
  Erolcha (D:10)
  2 centaur warriors
  Lodul (D:10)
  Pikel (D:5)
  An unseen horror (D:13)
  Maggie (D:7)
  2 polar bears (D:10)
  Prince Ribbit (D:8)
  Grinder (D:5)
  A hornet (D:9)
  A shadow (D:10)
  7 wraiths
  19 yaks
  2 steam dragons
  Duvessa (D:7)
  3 orc warriors
  2 sky beasts (D:8)
  2 ice beasts
  A black bear (D:5)
  8 ogres
  3 centaurs
  2 phantoms
  A kobold brigand (D:10)
  Blork the orc (D:4)
  A gnoll sergeant (D:8)
  A necrophage (D:4)
  4 bullfrogs
  A scorpion (D:7)
  9 wights
  Dowan (D:7)
  9 killer bees
  2 jellies (D:6)
  A gnoll bouda (D:6)
  Crazy Yiuf (D:5)
  6 hounds
  4 iguanas
  3 orc priests
  Terence (D:2)
  25 orc wizards
  15 gnolls
  9 adders
  3 white imps
  2 ufetubi
  4 worms
  5 dart slugs
  35 orcs
  2 endoplasms (D:4)
  3 giant cockroaches (D:1)
  6 goblins
  9 hobgoblins
  2 jackals (D:2)
  10 kobolds
  5 quokkas
  11 ball pythons
  7 bats
  5 frilled lizards
  2 rats (D:1)
270 creatures vanquished.

Notes
Turn   | Place    | Note
-------+----------+-------------------------------------------
     0 | D:1      | Metae the Minotaur Fighter began the quest for the Orb.
     0 | D:1      | Reached XP level 1. HP: 19/19 MP: 0/0
   479 | D:1      | Reached XP level 2. HP: 25/27 MP: 1/1
   776 | D:1      | Reached skill level 4 in Fighting
  1298 | D:2      | Noticed Terence
  1309 | D:2      | Killed Terence
  1310 | D:2      | Reached XP level 3. HP: 10/33 MP: 2/2
  1592 | D:2      | Found Niakh's Assorted Antiques.
  1640 | D:2      | Reached XP level 4. HP: 40/41 MP: 3/3
  2265 | D:2      | Found a faded altar of an unknown god.
  2708 | D:3      | Reached XP level 5. HP: 47/47 MP: 4/4
  3335 | D:3      | Found a white marble altar of Elyvilon.
  3665 | D:4      | Reached skill level 5 in Fighting
  3665 | D:4      | Reached skill level 5 in Armour
  3683 | D:4      | Reached skill level 5 in Shields
  3791 | D:4      | Reached XP level 6. HP: 45/56 MP: 5/5
  4293 | D:4      | Noticed Blork the orc
  4322 | D:4      | Killed Blork the orc
  4323 | D:4      | Reached skill level 5 in Polearms
  4323 | D:4      | Reached XP level 7. HP: 42/62 MP: 6/6
  4852 | D:5      | Entered Level 5 of the Dungeon
  4902 | D:5      | Reached skill level 6 in Fighting
  5215 | D:5      | Noticed Grinder
  5237 | D:5      | Paralysed by Grinder for 2 turns
  5257 | D:5      | Killed Grinder
  5428 | D:5      | Reached XP level 8. HP: 71/71 MP: 7/7
  5496 | D:5      | Found a runed translucent door.
  5497 | D:5      | Noticed Crazy Yiuf
  5503 | D:5      | Killed Crazy Yiuf
  5575 | D:5      | Found an opulent altar of Gozag.
  5623 | D:5      | Reached skill level 1 in Maces & Flails
  5697 | D:5      | Reached skill level 7 in Fighting
  6144 | D:5      | Noticed Pikel
  6169 | D:5      | Killed Pikel
  6985 | D:6      | Reached skill level 8 in Fighting
  6985 | D:6      | Reached XP level 9. HP: 81/81 MP: 8/8
  7173 | D:6      | Found a stormy altar of Qazlal.
  7509 | D:7      | Noticed Maggie
  7510 | D:7      | Noticed Duvessa
  7673 | D:7      | Killed Maggie
  7717 | D:7      | Noticed Dowan
  7737 | D:7      | Killed Duvessa
  7738 | D:7      | Reached skill level 5 in Maces & Flails
  7757 | D:7      | Killed Dowan
  8006 | D:7      | Reached skill level 9 in Fighting
  8173 | D:7      | Found a staircase to the Ecumenical Temple.
  8186 | Temple   | Entered the Ecumenical Temple
  8265 | Temple   | Became a worshipper of Makhleb the Destroyer
  8402 | D:7      | Found Uhoqoaner's Weapon Shoppe.
  8406 | D:7      | Bought the +3 greatsling "Punk" {acid, rCorr} for 313 gold
                  | pieces
  8406 | D:7      | Found the +3 greatsling "Punk" {acid, rCorr}
  8406 | D:7      | Bought 5 stones for 5 gold pieces
  8406 | D:7      | Bought 5 stones for 5 gold pieces
  8574 | D:7      | Found a shimmering altar of Xom.
  8575 | D:7      | Found a shimmering altar of Xom.
  8576 | D:7      | Found a shimmering altar of Xom.
  8753 | D:8      | Reached skill level 1 in Dodging
  8949 | D:8      | Identified the +3 buckler of Lifelessness {rPois Will+
                  | Str-2}
  8993 | D:8      | Reached skill level 1 in Evocations
  9121 | D:8      | Noticed Prince Ribbit
  9137 | D:8      | Killed Prince Ribbit
  9179 | D:8      | Reached XP level 10. HP: 80/91 MP: 9/9
  9487 | D:8      | Reached * piety under Makhleb
  9779 | D:8      | Found a broken altar of Ashenzari.
 10045 | D:8      | Found a blossoming altar of Fedhas.
 10792 | D:9      | Found Reeqaiz's Weapon Shoppe.
 10843 | D:9      | Reached skill level 10 in Fighting
 10846 | D:9      | Reached skill level 1 in Invocations
 10852 | D:9      | Identified a scroll of acquirement
 10881 | D:9      | Acquired a +4 ring of evasion
 10938 | D:9      | Identified the +4 mace "Worm" {vorpal, rF+ rN+ Will+ Dex+3}
 12183 | D:10     | Entered Level 10 of the Dungeon
 12309 | D:10     | Found a radiant altar of Vehumet.
 12362 | D:10     | Found an ancient bone altar of Kikubaaqudgha.
 12377 | D:10     | Found a shimmering blue altar of Sif Muna.
 12436 | D:10     | Got Sif Muna's Catalogue of Rallying
 12552 | D:10     | Reached ** piety under Makhleb
 12689 | D:10     | Noticed Josephine
 12689 | D:10     | Noticed Lodul
 12722 | D:9      | Killed Josephine
 12723 | D:9      | Reached XP level 11. HP: 41/101 MP: 12/12
 13059 | D:10     | Killed Lodul
 13269 | D:10     | Noticed a centaur warrior
 13282 | D:10     | Killed a centaur warrior
 13283 | D:10     | Reached skill level 11 in Fighting
 13283 | D:10     | Reached skill level 10 in Armour
 13315 | D:10     | Found a basalt altar of Yredelemnul.
 13327 | D:10     | Found a sparkling altar of Nemelex Xobeh.
 13571 | D:10     | Found a bloodstained altar of Trog.
 13590 | D:10     | Reached skill level 5 in Evocations
 13705 | D:10     | Found an iron altar of Okawaru.
 13742 | D:10     | Noticed Erolcha
 13753 | D:10     | Killed Erolcha
 14242 | D:11     | You fall into a shaft and drop 3 floors!
 14245 | D:14     | Noticed an orc knight
 14282 | D:13     | Reached skill level 5 in Invocations
 14292 | D:13     | Noticed a centaur warrior
 14300 | D:13     | Killed a centaur warrior
 14464 | D:13     | Demolished by a very large slime creature

Illustrated notes

Levels and vault maps discovered:
D:1:      matt_arrival_diagonals, layout_loops_corners, corner_web_ring
D:2:      layout_basic, serial_shops,
          nicolae_shop_temple_entry_statues_fountains,
          dreamdust_ecumenical_altar_angels_and_demons,
          minmay_randomly_rotated_circles, uniq_terence
D:3:      layout_loops_ring, mainiacjoe_overflow_surrounded_room,
          nrook_loot_triangle, hex_tiny
D:4:      layout_loops_ring, grunt_ministairs_5, kennysheep_generic_room_11,
          uniq_blork_the_orc
D:5:      layout_loops_ring, old_standard_altar, uniq_crazy_yiuf_cottage,
          uniq_grinder, uniq_pikel
D:6:      hellmonk_destroyed_diamonds, layout_loops_ring, kennysheep_mini_moat
D:7:      nicolae_cairo_tiling_large_dashed, layout_loops_ring, xom_redecorated,
          temple_doors_e, serial_shops, kennysheep_mini, uniq_maggie,
          uniq_duvessa
D:8:      minmay_flawed_box, layout_layer_cave, ashenzari_conservatory_becter,
          mainiacjoe_overflow_concentric_impassable, serial_rivers,
          chequers_serial_rivers_large_a, chequers_serial_rivers_small_a,
          chequers_serial_rivers_micro_a, chequers_serial_rivers_room_a,
          chequers_serial_rivers_micro_c, uniq_prince_ribbit1
D:9:      layout_long_grid, nicolae_stop_n_shop_1, columned_hall_lemuel
D:10:     layout_stronghold, palyth_temple_overflow_mages, old_standard_altar,
          trog_ov_bears_minmay, jmf_multi_god_temple, serial_column_ruins,
          column_ruins_hut, column_ruins_hut_water, column_ruins_open_tiny,
          column_ruins_open_small, column_ruins_open_tiny,
          column_ruins_open_small, column_ruins_open_tiny, column_ruins_grid_1,
          column_ruins_open_tiny, uniq_josephine, uniq_erolcha, uniq_lodul
D:11:     layout_loops_corners, due_lair_maze_entry_diamond
D:12:     minmay_the_grid_square_5x5_4x4
          [minmay_the_grid_square_5x5_beaten_path,
          minmay_the_grid_square_5x5_comb,
          minmay_the_grid_square_5x5_inverted_slash,
          minmay_the_grid_square_5x5_three_walls,
          minmay_the_grid_square_5x5_corner,
          minmay_the_grid_square_5x5_prize_rear_guard,
          minmay_the_grid_square_5x5_prize_monsterx,
          minmay_the_grid_square_5x5_meh, minmay_the_grid_square_5x5_shrine1,
          minmay_the_grid_square_5x5_prize_open,
          minmay_the_grid_square_5x5_prize_junk,
          minmay_the_grid_square_5x5_hollow_slash,
          minmay_the_grid_square_5x5_misaligned,
          minmay_the_grid_square_5x5_tetrominoes,
          minmay_the_grid_square_5x5_forky, minmay_the_grid_square_5x5_bite],
          layout_loops_corners, david_orc_3, serial_glass, glass_columns_a,
          glass_columns_a, feat_on_display, item_on_display_a,
          due_unseen_surprise, uniq_snorg, uniq_maurice
D:13:     layout_roguey [special_room_orc],
          hangedman_vaults_entry_quadrant_bands, uniq_azrael
D:14:     minmay_bloctagon, layout_rooms, minmay_misc_feat_encased,
          interstate_on_off, amcnicky_mini_pool_medium
Temple:   nicolae_temple_cloud_nine

Skill      XL: |  1  2  3  4  5  6  7  8  9 10 11 |
---------------+----------------------------------+-----
Fighting       | 4 5 6 8 9 10 11 | 11.7
Armour         | 4 5 6 8 9 10 | 10.7
Shields        | 4 5 6 7 8 |  8.9
Polearms       | 3 4 5 6 |  6.0
Maces & Flails | 4 6 8 9 |  9.5
Dodging        | 2 4 |  4.1
Evocations     | 1 4 5 |  5.6
Invocations    | 3 5 |  5.2

Action                   |  1- 3 |  4- 6 |  7- 9 | 10-12 || total
-------------------------+-------+-------+-------+-------++-------
Melee: Trident           |    82 |   205 |    79 |       ||   366
       Headbutt          |    11 |    28 |    54 |   107 ||   200
       Mace              |       |       |    97 |       ||    97
       Whip              |       |       |   143 |   471 ||   614
 Fire: Greatsling        |       |       |     6 |    29 ||    35
Throw: Stone             |       |       |    10 |       ||    10
  Use: Potion            |     1 |       |     2 |       ||     3
       Scroll            |       |     5 |     2 |     3 ||    10
Armor: Scale mail        |    30 |       |       |       ||    30
       Chain mail        |    11 |   137 |   181 |    50 ||   379
       Plate armour      |       |       |       |   146 ||   146
Dodge: Dodged            |    31 |    83 |   150 |   195 ||   459
Block: Buckler           |    17 |    28 |    99 |   140 ||   284
